 Dungeon Crawl Stone Soup version 0.28.0-53-g5a82cb258f (webtiles) character file.

Game seed: 3223139718878895583

712 ZappyNine the Ruffian (level 7, -7/54 HPs)
             Began as a Barachi Transmuter on June 3, 2022.
             Mangled by a wyvern zombie (13 damage)
             ... on level 6 of the Dungeon.
             The game lasted 00:10:53 (7014 turns).

ZappyNine the Ruffian (Barachi Transmuter)          Turns: 7014, Time: 00:10:54

Health: -7/54      AC:  3    Str: 19    XL:     7   Next: 68%
Magic:  13/13      EV: 13    Int: 14    God:
Gold:   286        SH:  0    Dex: 12    Spells: 4/14 levels left

rFire   + . .      SeeInvis .     - Unarmed
rCold   + . .      Faith    .   (no shield)
rNeg    . . .      Spirit   .   a - +0 robe
rPois   +          Reflect  .   (helmet currently unavailable)
rElec   +          Harm     .   r - +0 cloak {Will+}
rCorr   +          Rampage  .   (no gloves)
Will    +....                   (boots currently unavailable)
Stlth   +.........              (no amulet)
HPRegen 0.18/turn               m - +6 ring of strength
MPRegen 0.13/turn               (no ring)

@: appendages, resistant, attractive, hasted, quick
A: horns 2, talons 2, amphibious, slowness 1, strong legs 1, +LOS
a: Hop, End Transformation


You were on level 6 of the Dungeon.
You had temporarily grown beastly horns and talons.
You visited 1 branch of the dungeon, and saw 6 of its levels.

You collected 286 gold pieces.

Inventory:

Armour
 a - a +0 robe (worn)
 r - a +0 cloak of willpower (worn)
Jewellery
 m - a +6 ring of strength (left hand)
 q - a ring of positive energy
Scrolls
 d - 2 scrolls of enchant weapon
 f - a scroll of magic mapping
 j - a scroll of identify
 o - 2 scrolls of summoning
Potions
 b - 2 potions of degeneration {unknown}
 c - 2 potions of lignification
 e - a potion of heal wounds {unknown}
 g - a potion of magic {unknown}
 h - 2 potions of mutation
 l - a potion of curing {unknown}
 n - a potion of cancellation


   Skills:
 + Level 4.1 Fighting
 + Level 4.2 Dodging
 * Level 6.0 Unarmed Combat
 + Level 4.1 Spellcasting
 - Level 3.3 Transmutations
 - Level 1.6 Poison Magic


You had 4 spell levels left.
You knew the following spells:

 Your Spells              Type           Power      Damage    Failure   Level
a - Beastly Appendage     Tmut           24%        N/A       4%          1
b - Wereblood             Tmut           12%        N/A       8%          2
c - Spider Form           Tmut/Pois      9%         N/A       21%         3
d - Ice Form              Ice/Tmut       7%         N/A       67%         4

Your spell library contained the following spells:

 Spells                   Type           Power      Damage    Failure   Level
 Static Discharge         Conj/Air       2%         N/A       28%         2
 Lightning Bolt           Conj/Air       1%         1d12      99%         5
 Maxwell's Capacitive Co  Air            1%         ∞         100%        8


Dungeon Overview and Level Annotations

Branches:
Dungeon (6/15)
 Temple: D:4-7

Altars:
Ashenzari
Kikubaaqudgha
Sif Muna


Innate Abilities, Weirdness & Mutations

You have temporarily grown beastly horns and talons.
You are amphibious.
You cover ground slowly.
You can hop short distances.
You have an extended range of vision and can be seen from far away.


Message History

Unknown command.
Casting: Spider Form (dangerous; 21% risk of failure)
Confirm with . or Enter, or press ? or * to list all spells.
You grow a pair of large bovine horns.
Your feet morph into talons.
The ufetubus misses you. The ufetubus hits you.
The wyvern zombie closely misses you. The ufetubus completely misses you.
The ufetubus closely misses you. The wyvern zombie bites you!
* * * LOW HITPOINT WARNING * * *
The ufetubus hits you but does no damage. x2
The ufetubus barely misses you. x2
You see here 12 gold pieces.
You miss the ufetubus.
The ufetubus hits you but does no damage.
The ufetubus hits you.
* * * LOW HITPOINT WARNING * * *
You barely miss the ufetubus.
You claw the ufetubus, but do no damage.
The ufetubus hits you.
* * * LOW HITPOINT WARNING * * *
The ufetubus hits you but does no damage.
The wyvern zombie bites you but does no damage.
The ufetubus hits you.
* * * LOW HITPOINT WARNING * * *
The ufetubus closely misses you. The ufetubus closely misses you.
The ufetubus hits you.
* * * LOW HITPOINT WARNING * * *
It was a potion of attraction.
You feel attractive to monsters.
The ufetubus hits you but does no damage.
The ufetubus barely misses you. The wyvern zombie barely misses you.
It was a potion of resistance.
You feel protected. The ufetubus closely misses you. x2
The wyvern zombie completely misses you.
The ufetubus hits you.
* * * LOW HITPOINT WARNING * * *
The ufetubus closely misses you.
It was a potion of haste.
You feel yourself speed up. The wyvern zombie bites you!
You die...

#.........#....#
#.........#....#
#.........#....#
#.........#....#
#..###..###..###
##..###..###..###).
#..................
#..................
#........Z@........
#.>......5.........
#.####..$##...#####
#.####[..##...##.#
..................
..................
..................
..##.....##........
. #.....# ......##


You could see an ufetubus and a wyvern zombie.

Vanquished Creatures
  A necrophage (D:5)
  An ogre (D:5)
  A scorpion (D:5)
  A water moccasin skeleton (D:5)
  2 hounds (D:5)
  2 jellies
  3 iguanas (D:5)
  An orc wizard (D:5)
  A hound zombie (D:5)
  Robin (D:4)
  4 gnolls (D:5)
  5 adders
  A shadow imp (D:5)
  A white imp (D:5)
  An ufetubus (D:5)
  A dart slug (D:1)
  6 orcs
  6 endoplasms
  3 giant cockroaches
  13 goblins
  6 hobgoblins
  3 jackals (D:4)
  3 quokkas
  8 ball pythons
  7 bats
  3 frilled lizards
  7 kobolds
  6 rats
98 creatures vanquished.

Notes
Turn   | Place    | Note
-------+----------+-------------------------------------------
     0 | D:1      | ZappyNine the Barachi Transmuter began the quest for the
                  | Orb.
     0 | D:1      | Reached XP level 1. HP: 15/15 MP: 3/3
   358 | D:1      | Reached XP level 2. HP: 21/21 MP: 3/5
   758 | D:1      | Found a faded altar of an unknown god.
  1175 | D:1      | Reached XP level 3. HP: 13/27 MP: 6/6
  1333 | D:1      | Learned a level 2 spell: Wereblood
  1337 | D:1      | Learned a level 3 spell: Spider Form
  2405 | D:2      | Reached skill level 1 in Poison Magic
  2776 | D:3      | Reached XP level 4. HP: 32/33 MP: 7/7
  3484 | D:3      | Found a faded altar of an unknown god.
  3490 | D:3      | Found an ancient bone altar of Kikubaaqudgha.
  3724 | D:4      | Reached XP level 5. HP: 21/38 MP: 5/9
  4208 | D:4      | Noticed Robin
  4486 | D:3      | Reached skill level 4 in Unarmed Combat
  4598 | D:4      | Killed Robin
  4789 | D:4      | Found a broken altar of Ashenzari.
  5326 | D:5      | Entered Level 5 of the Dungeon
  5469 | D:5      | Noticed a necrophage
  5473 | D:5      | Reached XP level 6. HP: 33/47 MP: 7/11
  5701 | D:5      | Killed a necrophage
  5702 | D:5      | Reached skill level 5 in Unarmed Combat
  6173 | D:5      | Found a shimmering blue altar of Sif Muna.
  6216 | D:5      | Reached XP level 7. HP: 25/52 MP: 7/12
  6601 | D:5      | Reached skill level 6 in Unarmed Combat
  6607 | D:5      | Learned a level 4 spell: Ice Form
  7014 | D:6      | Mangled by a wyvern zombie

Illustrated notes

Levels and vault maps discovered:
D:1:      arrival_zaba_pyramid, layout_rooms, basic_ecumenical_altar,
          nicolae_concentric_dashed_squares_wild
D:2:      layout_basic
D:3:      layout_loops_cross, nicolae_overflow_ecumenical_swirl
D:4:      layout_cave_pools, nicolae_ashenzari_panopticon, uniq_robin
D:5:      layout_cave_pools, lemuel_blue_sif_altar
D:6:      layout_gridville, minmay_temple_entry_trees, serial_shops,
          nicolae_take_the_stairs

Skill      XL: |  1  2  3  4  5  6  7 |
---------------+----------------------+-----
Fighting       | 2 3 4 |  4.1
Poison Magic   | 1 |  1.6
Transmutations | 3 |  3.3
Spellcasting   | 3 4 |  4.1
Unarmed Combat | 4 5 6 |  6.0
Dodging        | 3 4 |  4.2

Action                   |  1- 3 |  4- 6 |  7- 9 || total
-------------------------+-------+-------+-------++-------
Melee: Unarmed           |   115 |   149 |    48 ||   312
       Kick              |    11 |     5 |     1 ||    17
       Headbutt          |    10 |     2 |       ||    12
       Punch             |     3 |     2 |       ||     5
 Cast: Beastly Appendage |    17 |     4 |     1 ||    22
       Spider Form       |       |    17 |     6 ||    23
       Wereblood         |       |     5 |       ||     5
  Use: Scroll            |       |     9 |       ||     9
       Potion            |       |     1 |     3 ||     4
 Stab: Sleeping          |     1 |     1 |       ||     2
       Distracted        |     1 |       |       ||     1
Armor: Robe              |    29 |    13 |     9 ||    51
       Skin              |       |     7 |     3 ||    10
Dodge: Dodged            |   102 |   136 |    64 ||   302
